 Seeded DCSS version 0.30-a0-339-g89bb51ec76 (webtiles) character file.

Game seed: 11108997113770897966 (custom seed)

83 retardedninja the Trooper (level 4, -1/41 HPs)
             Began as a Hill Orc Fighter on Oct 31, 2022.
             Slain by a worm (4 damage)
             ... on level 4 of the Dungeon.
             The game lasted 00:06:20 (2534 turns).

retardedninja the Trooper (Hill Orc Fighter)        Turns: 2534, Time: 00:06:20

Health: -1/41      AC:  7    Str: 20    XL:     4   Next: 44%
Magic:  4/4        EV:  9    Int:  8    God:
Gold:   134        SH:  4    Dex: 10    Spells: 3/3 levels left

rFire   . . .      SeeInvis .    a - +0 war axe
rCold   . . .      Faith    .    c - +0 buckler
rNeg    . . .      Spirit   .    b - +0 scale mail
rPois   .          Reflect  .    (no helmet)
rElec   .          Harm     .    (no cloak)
rCorr   .          Rampage  .    (no gloves)
Will    .....                    (no boots)
Stlth   ..........               (no amulet)
HPRegen 0.26/turn                (no ring)
MPRegen 0.09/turn                (no ring)

@: mighty
A: no striking features
a: no special abilities


You were on level 4 of the Dungeon.
You visited 1 branch of the dungeon, and saw 4 of its levels.

You collected 134 gold pieces.

Inventory:

Hand Weapons
 a - a +0 war axe (weapon)
Armour
 b - a +0 scale mail (worn)
 c - a +0 buckler (worn)
Jewellery
 g - a ring of protection from cold
Scrolls
 e - 2 scrolls of amnesia {unknown}
 f - a scroll of silence {unknown}
 h - 4 scrolls of teleportation {unknown}
 j - a scroll of noise {unknown}
 k - 2 scrolls of immolation {unknown}
 l - a scroll of magic mapping {unknown}
 m - 8 scrolls of identify {unknown}
 n - a scroll of blinking {unknown}
 o - a scroll of vulnerability {unknown}
 q - a scroll of torment {unknown}
 r - a scroll of poison {unknown}
Potions
 i - a potion of berserk rage {unknown}
 p - a potion of haste {unknown}


   Skills:
 + Level 4.4 Fighting
 + Level 3.8 Axes
 + Level 4.0 Armour
 + Level 4.0 Shields


You had 3 spell levels left.
You didn't know any spells.
Your spell library contained the following spells:

 Spells                   Type           Power      Damage    Failure   Level
 Inner Flame              Hex/Fire       0%         N/A       99%         3
 Flame Wave               Conj/Fire      0%         2d4       100%        4
 Sticky Flame             Conj/Fire      0%         2d3       100%        4


Dungeon Overview and Level Annotations

Branches:
Dungeon (4/15)
 Temple: D:4-7

Altars:
Hepliaklqana

Shops:
D:1 (


Message History

m - 8 scrolls labelled XIOSEG ENLABRA (gained 1) 2 gnolls and a worm come into view.
Found 10 gold pieces.
Found a stone staircase leading down.
The gnoll shouts! x2; You hear a shout!
A gnoll comes into view. It is wielding a +0 spear.
The gnoll moves out of view.
A gnoll comes into view. It is wielding a +0 club.
Found a stone staircase leading down.
The gnoll shouts!
You block the gnoll's attack.
The gnoll hits you from afar with a +0 halberd.
You hit the gnoll.
The gnoll is moderately wounded.
You barely miss the worm. The gnoll closely misses you.
The worm bites you but does no damage. You block the gnoll's attack. x2
The gnoll hits you with a +0 spear.
You closely miss the gnoll.
The gnoll is moderately wounded.
You hit the worm. The gnoll closely misses you. x2
The gnoll completely misses you. The worm bites you.
You barely miss the gnoll.
The gnoll is moderately wounded.
You completely miss the worm. You slash the gnoll!
The gnoll hits you but does no damage. The gnoll hits you with a +0 club.
The gnoll hits you from afar with a +0 spear.
The gnoll hits you from afar with a +0 halberd!
The worm barely misses you.
You feel very mighty all of a sudden. You block the gnoll's attack.
The gnoll hits you but does no damage. The gnoll hits you with a +0 club.
The gnoll hits you from afar with a +0 halberd.
You slash the gnoll!
You kill the gnoll!
You hit the gnoll. You slash the worm! The gnoll hits you but does no damage.
The gnoll hits you from afar with a +0 spear!
* * * LOW HITPOINT WARNING * * *
The gnoll hits you from afar with a +0 halberd.
* * * LOW HITPOINT WARNING * * *
The worm bites you.
You die...

####...# ##..........#
.......###.....#######
.......##..#####
.......##..#
.......##..#
....#......#
....#.###..#######
.......#.........##
.........#.#####@g#
....#......# #)w.#
....#......# gg...#
....#.....## ...⌠....
....#.....#
...........
........###
>...###$..>. ....###..
...## ##... .. ##.
#### ###


You could see a worm and 3 gnolls.

Vanquished Creatures
  2 gnolls
  A worm (D:2)
  2 dart slugs
  5 orcs
  2 bats
  4 endoplasms
  4 giant cockroaches
  3 goblins (D:1)
  5 hobgoblins
  9 jackals
  3 quokkas
  3 ball pythons
  3 frilled lizards
  4 kobolds
  4 rats
54 creatures vanquished.

Notes
Turn   | Place    | Note
-------+----------+-------------------------------------------
     0 | D:1      | retardedninja the Hill Orc Fighter began the quest for the
                  | Orb.
     0 | D:1      | Reached XP level 1. HP: 19/19 MP: 1/1
    52 | D:1      | Reached XP level 2. HP: 25/27 MP: 2/2
   303 | D:1      | Reached XP level 3. HP: 26/33 MP: 3/3
   376 | D:1      | Found Seisoo's Weapon Shoppe.
   863 | D:2      | Found a faded altar of an unknown god.
  1190 | D:2      | Reached XP level 4. HP: 40/40 MP: 4/4
  1793 | D:3      | Found a hazy altar of Hepliaklqana.
  2534 | D:4      | Slain by a worm

Illustrated notes

Levels and vault maps discovered:
D:1:      heliophobic_arrival_battle_scene, layout_basic, serial_shops,
          nicolae_shop_bloodbath_and_beyond, columned_hall_lemuel,
          minmay_misc_feat_cross, hangedman_glass_teeth, minmay_strange_pillars
D:2:      layout_basic, shapermc_ecumenical_altar_acropolis,
          minmay_misc_feat_room
D:3:      layout_basic, worldfamousw_hep_ancestral_shrine,
          nicolae_underground_beach
D:4:      layout_rooms, cheibriados_altar_1, jmf_multi_god_temple,
          minmay_temple_entry_ruins, grunt_ministairs_12,
          minmay_fractal_squares_5, uniq_pikel

Skill      XL: |  1  2  3  4 |
---------------+-------------+-----
Axes           | 3 |  3.8
Fighting       | 4 |  4.4
Armour         | 4 |  4.0
Shields        | 4 |  4.0

Action                   |  1- 3 |  4- 6 || total
-------------------------+-------+-------++-------
Melee: War axe           |   109 |    36 ||   145
  Use: Potion            |       |     3 ||     3
Armor: Scale mail        |    49 |    24 ||    73
Dodge: Dodged            |    60 |    23 ||    83
Block: Buckler           |    25 |     9 ||    34

Table legend: (Time is in decaauts)
 A = Elapsed time spent in this place.
 B = Non-inter-level travel time spent in this place.
 C = Inter-level travel time spent in this place.
 D = Time resting spent in this place.
 E = Time spent auto-exploring this place.
 F = Levels seen in this place.
 G = Mean time per level.
                   A        B        C        D        E       F      G
               +--------+--------+--------+--------+--------+-----+--------+
         Total |   2586 |   2538 |     48 |    174 |   1973 |   4 |  646.5 |
       Dungeon |   2586 |   2538 |     48 |    174 |   1973 |   4 |  646.5 |
               +--------+--------+--------+--------+--------+-----+--------+

Top non-repeatable levels by time:
     D:3: 952 daAuts
     D:1: 819 daAuts
     D:2: 771 daAuts
     D:4: 43 daAuts
